 Dungeon Crawl Stone Soup version 0.30.1-11-g7821555f0a (webtiles) character file.

Game seed: 16877409401450480952

0 lonewolfV2 the Shield-Bearer (level 1, 0/18 HPs)
             Began as a Formicid Fighter on Nov 14, 2023.
             Slain by a gnoll
             ... wielding a +0 flail
              (9 damage)
             ... on level 1 of the Dungeon.
             The game lasted 00:00:14 (63 turns).

lonewolfV2 the Shield-Bearer (Formicid Fighter)       Turns: 63, Time: 00:00:15

Health: 0/18       AC:  6    Str: 20    XL:     1   Next: 11%
Magic:  1/1        EV:  9    Int:  7    God:
Gold:   0          SH:  5    Dex: 13    Spells: 0/0 levels left

rFire   . . .        a - +0 war axe
rCold   . . .        c - +0 buckler
rNeg    . . .        b - +0 scale mail
rPois   .            (helmet unavailable)
rElec   .            (no cloak)
rCorr   .            (no gloves)
SInv    +            (no boots)
Will    .....        (no amulet) Stlth
                     f - ring of flight
HPRegen 0.23/turn    (no ring)
MPRegen 0.07/turn

%: no passive effects
@: flying
A: permanent stasis, dig shafts and tunnels, antennae 3, four strong arms
a: Dig, Shaft Self


You were on level 1 of the Dungeon.
You visited 1 branch of the dungeon, and saw 1 of its levels.

Inventory:

Hand Weapons
 a - a +0 war axe (weapon)
Armour
 b - a +0 scale mail (worn)
 c - a +0 buckler (worn)
Jewellery
 f - a ring of flight (left hand)
Potions
 d - a potion of might
 e - a potion of lignification {unknown}


   Skills:
 + Level 3.3 Fighting
 - Level 2.0 Axes
 - Level 3.2 Armour
 + Level 4.0 Shields


You couldn't memorise any spells.
You didn't know any spells.
Your spell library was empty.

Dungeon Overview and Level Annotations

Branches:
Dungeon (1/15)

Altars:


Innate Abilities, Weirdness & Mutations

You cannot be hasted, slowed, berserked, paralysed or teleported.
You can dig through walls and to a lower floor.
You have a pair of large antennae on your head. (SInv)
Your four strong arms can wield two-handed weapons with a shield.


Message History

e - a bubbling pink potion A kobold comes into view.
It is wielding a +0 club.
Found a golden ring and 4 stones.
The kobold closely misses you.
You miss the kobold. The kobold barely misses you.
You closely miss the kobold. The kobold barely misses you.
You miss the kobold. You block the kobold's attack.
The kobold barely misses you.
You closely miss the kobold. You block the kobold's attack.
The kobold hits you with a +0 club. The kobold hits you but does no damage.
The kobold hits you but does no damage. The kobold hits you with a +0 club.
You barely miss the kobold.
The kobold hits you but does no damage. x2
You barely miss the kobold. The kobold hits you but does no damage.
You closely miss the kobold. You block the kobold's attack.
You closely miss the kobold. The kobold hits you but does no damage.
The kobold completely misses you.
You barely miss the kobold. The kobold hits you with a +0 club.
You closely miss the kobold. The kobold hits you but does no damage.
You block the kobold's attack.
You closely miss the kobold. The kobold barely misses you.
You hit the kobold.
You kill the kobold!
Things that are here:
a +0 club; 3 stones; a kobold corpse
f - a ring of flight You fly up into the air.
f - a ring of flight (left hand) HP restored.
A gnoll comes into view. It is wielding a +0 flail.
Found 3 gold pieces.
The gnoll shouts!
A gnoll is nearby!
The gnoll barely misses you.
You hit the gnoll but do no damage. The gnoll hits you with a +0 flail!
Ouch! That really hurt!
You block the gnoll's attack.
You completely miss the gnoll. The gnoll hits you with a +0 flail!
Ouch! That really hurt!
You die...

## ... #. ...... #.
####...... ##
###....#...... #
#####.....##.....
##.....#...###.... ##
#..#.....#..##... ###.
##@..###.##...##...
#..#.g#..#..##..#.....
##$..###...###........
##.# ##...###.......
#.. ##........######
#..# #..#..)####
#.###...###..#
#..#.....#...#
..#.......#


You could see a gnoll.

Vanquished Creatures
  A kobold (D:1)
1 creature vanquished.

Notes
Turn   | Place    | Note
-------+----------+-------------------------------------------
     0 | D:1      | lonewolfV2 the Formicid Fighter began the quest for the
                  | Orb.
     0 | D:1      | Reached XP level 1. HP: 18/18 MP: 1/1
    63 | D:1      | Slain by a gnoll

Illustrated notes

Levels and vault maps discovered:
D:1:      onia_arrival_pentagram, layout_basic, ebering_ecumenical_altar_box,
          serial_shops, nicolae_lakefront_shop, minmay_strange_pillars

Action                     || total
---------------------------++-------
  Melee: War axe           ||    14
 Armour: Scale mail        ||     7
  Dodge: Dodged            ||     7
  Block: Buckler           ||     5
